[Event "World Junior U20 Open 2018"]
[Site "Gebze"]
[Date "2018.09.10"]
[Round "6.59"]
[White "Yilmaz, Goktan"]
[Black "Suleymenov, Alisher"]
[Result "0-1"]
[ECO "C19"]
[WhiteElo "2237"]
[BlackElo "2307"]
[Annotator "NA"]
[PlyCount "106"]
[EventDate "2018.09.05"]
[EventType "swiss"]
[EventCountry "TUR"]
[SourceTitle "playchess.com"]
[Source "ChessBase"]
[SourceQuality "1"]
[TimeControl "40/5400+30:1800+30"]

1. e4 e6 2. d4 d5 3. Nc3 Bb4 4. e5 Ne7 5. a3 Bxc3+ 6. bxc3 c5 7. a4 Qc7 8. Nf3 h6 9. Bd3 {[%emt 0:05:00] C19: French: 3 Nc3 Bb4: Main line: 7 Nf3 and 7 a4} (9. Qd2 O-O 10. Bd3 b6 11. a5 Ba6 12. O-O Bxd3 13. cxd3 Nd7 14. h4 Nc6 15. axb6 axb6 16. Rb1 Ra4 {0-1 (71) Giri,A (2782)-So,W (2778) Leuven 2018}) 9... b6 10. O-O Ba6 11. Ba3 Bxd3 12. cxd3 Nd7 13. Rc1 O-O 14. Re1 Rfc8 15. Nh4 $146 ({Predecessor:} 15. dxc5 bxc5 16. d4 Qa5 17. c4 Rab8 18. dxc5 Nxc5 19. Rf1 Rb7 20. cxd5 Nxd5 {½-½ (34) Ventimiglia,C (1669)-Ivanov,H (2122) IECG email 2001}) 15... Nf8 16. dxc5 bxc5 17. d4 Nd7 18. f4 Rab8 19. Rf1 Qb6 20. Qh5 f5 $14 (20... Qa6 $11) 21. exf6 Nxf6 22. Qe5 Nd7 23. Qe2 Nf5 24. Nxf5 exf5 25. Qd3 cxd4 26. cxd4 Nf6 27. Bc5 Qe6 28. Bxa7 Rxc1 29. Rxc1 Ra8 30. Bc5 Rxa4 31. Rb1 Ra2 32. h3 Ne4 33. Qb3 Ra6 34. Rd1 Kh7 35. Qb7 Ra2 36. Qb3 Rf2 37. Qb6 Qf7 38. Re1 Rc2 39. Qb3 Rd2 40. Rd1 Rf2 41. Qe3 Qh5 42. Rc1 Re2 43. Qf3 Qxf3 44. gxf3 Nd2 45. Rc3 Kg6 46. Bd6 Kh5 47. Rc7 g5 48. fxg5 hxg5 49. f4 g4 50. Rh7+ Kg6 51. Rh8 g3 52. Rg8+ Kf7 53. Rf8+ Kg7 0-1

[Event "World Junior U20 Open 2018"]
[Site "Gebze"]
[Date "2018.09.10"]
[Round "6.62"]
[White "Cadilhac, Igor Tokuichi Kikuc"]
[Black "Ozturk, Efe Hakan"]
[Result "1-0"]
[ECO "B72"]
[WhiteElo "2286"]
[BlackElo "2065"]
[Annotator "NA"]
[PlyCount "59"]
[EventDate "2018.09.05"]
[EventType "swiss"]
[EventCountry "TUR"]
[SourceTitle "playchess.com"]
[Source "ChessBase"]
[SourceQuality "1"]
[TimeControl "40/5400+30:1800+30"]

1. e4 c5 2. Nf3 d6 3. d4 cxd4 4. Nxd4 Nf6 5. Nc3 g6 6. Be3 Bg7 7. Be2 a6 8. f4 O-O 9. Nb3 Nc6 {[%emt 0:07:30] LiveBook: 50 Games} 10. Bf3 {[%emt 0:00:30] B72: Sicilian Dragon: 6 Be3, lines with h3+Bc4 and sidelines} (10. O-O b5 11. Bf3 Bb7 12. Qe1 b4 13. Nd5 Nd7 14. Nxb4 Bxb2 15. Rb1 Bg7 16. Nd3 Rb8 17. c4 a5 18. a4 Ba6 19. Nd2 Rxb1 20. Qxb1 {½-½ (55) Negi,P (2664)-Hou,Y (2683) Saint Louis 2015}) 10... Qc7 11. g4 b5 12. g5 Nd7 13. Qd2 $146 ({Predecessor:} 13. h4 Nb6 14. h5 Nb4 15. hxg6 hxg6 16. Bd4 e5 17. fxe5 Nc4 {1-0 (32) Akhayan,R (2305)-Hafner,C (2128) Belgium 2011}) 13... Nb6 14. Nd5 Nxd5 15. exd5 Nb8 16. Bd4 Bxd4 17. Nxd4 Nd7 18. h4 Nb6 19. h5 e5 20. dxe6 Bb7 21. Bxb7 Qxb7 22. O-O-O Nc4 $18 23. Qh2 Rac8 24. Kb1 b4 25. exf7+ Qxf7 26. hxg6 Qxg6 27. f5 Rxf5 28. Nxf5 Qxf5 29. g6 Rc7 30. gxh7+ 1-0

[Event "World Junior U20 Open 2018"]
[Site "Gebze"]
[Date "2018.09.10"]
[Round "6.63"]
[White "Gulbeyaz, Emir"]
[Black "Ozgur, Tibet Kagan"]
[Result "0-1"]
[ECO "A05"]
[WhiteElo "2285"]
[BlackElo "2056"]
[Annotator "NA"]
[PlyCount "80"]
[EventDate "2018.09.05"]
[EventType "swiss"]
[EventCountry "TUR"]
[SourceTitle "playchess.com"]
[Source "ChessBase"]
[SourceQuality "1"]
[TimeControl "40/5400+30:1800+30"]

1. Nf3 Nf6 2. g3 b5 3. Bg2 Bb7 4. Na3 a6 5. c4 e5 6. cxb5 Bxa3 {[%emt 0:00:30] LiveBook: 7 Games} 7. bxa3 O-O 8. bxa6 Nxa6 9. d3 Re8 10. O-O Nc5 11. Rb1 Bc6 12. Bb2 d6 13. Qc1 Bd5 (13... Nfd7 $11) 14. Nh4 $11 (14. Nxe5 $5 Bxg2 15. Kxg2 $14) 14... Ra4 15. Bxd5 Nxd5 16. e4 Nf4 17. gxf4 Qxh4 18. Qd1 Qxf4 19. Bc1 Qh4 20. Rb4 Ra6 21. f4 Qh3 22. Rf3 Qg4+ 23. Kh1 exf4 24. Rb2 d5 25. Rg2 Qh5 26. Bxf4 dxe4 27. Rxg7+ Kh8 28. dxe4 Nxe4 29. Rg1 Rf6 30. Rgf1 c5 31. Qa1 Kg8 32. Qc1 Qd5 33. Rg1+ Rg6 34. Rgf1 Rf6 35. Rg1+ Kh8 36. Qb2 Rg8 37. Rxg8+ Kxg8 38. Qb8+ Kg7 39. Qb2 c4 40. Be5 Qd1+ 0-1

[Event "World Junior U20 Open 2018"]
[Site "Gebze"]
[Date "2018.09.10"]
[Round "6.64"]
[White "Agdelen, Huseyin Can"]
[Black "Lin, Peisen"]
[Result "1-0"]
[ECO "B26"]
[WhiteElo "2280"]
[BlackElo "2034"]
[Annotator "NA"]
[PlyCount "71"]
[EventDate "2018.09.05"]
[EventType "swiss"]
[EventCountry "TUR"]
[SourceTitle "playchess.com"]
[Source "ChessBase"]
[SourceQuality "1"]
[TimeControl "40/5400+30:1800+30"]

1. e4 e6 2. d3 c5 3. g3 Nc6 4. Bg2 g6 5. Nc3 Bg7 6. Be3 d6 7. Qd2 Nd4 8. Nce2 Nxe2 9. Nxe2 Bxb2 10. Rb1 Bg7 11. O-O Ne7 12. d4 Qc7 13. Nc3 Bd7 14. dxc5 dxc5 15. e5 Rb8 16. Ne4 Bc6 $1 17. Qd6 $11 ({But not} 17. Nxc5 Bxg2 18. Kxg2 b6 $17) 17... Qxd6 18. exd6 Nd5 19. Bxc5 Kd7 20. c4 Nb6 21. Rfd1 f5 22. Nd2 Na4 23. Bxa7 Ra8 24. Bxc6+ Kxc6 25. Be3 Nb2 26. Rdc1 Kxd6 27. c5+ Kc6 28. Rc2 Na4 29. Nc4 Ra6 30. Rd1 Nc3 31. Rd6+ Kc7 32. Bf4 Rxa2 33. Rxa2 Nxa2 34. Rd2+ e5 35. Nxe5 Ra8 36. Rd7+ 1-0

[Event "World Junior U20 Open 2018"]
[Site "Gebze"]
[Date "2018.09.10"]
[Round "6.65"]
[White "Kilic, Gokturk Kagan"]
[Black "Tifferet, Shaked"]
[Result "0-1"]
[ECO "B07"]
[WhiteElo "1910"]
[BlackElo "2299"]
[Annotator "NA"]
[PlyCount "76"]
[EventDate "2018.09.05"]
[EventType "swiss"]
[EventCountry "TUR"]
[SourceTitle "playchess.com"]
[Source "ChessBase"]
[SourceQuality "1"]
[TimeControl "40/5400+30:1800+30"]

1. e4 c5 2. c3 d6 3. d4 Nf6 4. Bd3 g6 5. Nf3 Bg7 6. O-O O-O 7. h3 d5 8. e5 Ne4 9. Qe2 Bf5 10. Nbd2 Nxd2 11. Bxd2 Bxd3 12. Qxd3 Qb6 13. dxc5 Qxc5 14. Be3 Qc6 15. Rfd1 e6 16. Nd4 Qc8 17. Rac1 a6 $16 (17... Bxe5 $11 {bleibt in der Remisbreite.} 18. c4 Nc6) 18. a4 b5 19. f4 bxa4 20. c4 Qb7 21. cxd5 Qxd5 22. Qc2 Qb7 23. Qxa4 a5 24. Nb5 Na6 25. Rd6 Nb4 26. Nc7 Qe4 27. Rc3 Rac8 28. Qxa5 Nc2 29. Bd2 Nd4 30. Kh1 Ne2 31. Rdc6 Nxc3 32. Rxc3 Rfd8 33. Be3 h5 34. Qa6 Rxc7 35. Rxc7 Qxe3 36. Qf1 Bh6 37. Rc4 Qb3 38. Rc1 Qxb2 0-1

[Event "World Junior U20 Open 2018"]
[Site "Gebze"]
[Date "2018.09.10"]
[Round "6.66"]
[White "Pigeat, Alexandre"]
[Black "Petkov, Momchil"]
[Result "1-0"]
[ECO "A85"]
[WhiteElo "2347"]
[BlackElo "2163"]
[Annotator "NA"]
[PlyCount "63"]
[EventDate "2018.09.05"]
[EventType "swiss"]
[EventCountry "TUR"]
[SourceTitle "playchess.com"]
[Source "ChessBase"]
[SourceQuality "1"]
[TimeControl "40/5400+30:1800+30"]

1. d4 f5 2. c4 Nf6 3. Bg5 e6 4. Nc3 Bb4 5. e3 O-O 6. Bd3 h6 7. Bxf6 Qxf6 8. Nge2 c6 9. O-O d5 10. f3 Nd7 11. Qb3 Bd6 12. e4 fxe4 13. fxe4 Qg5 14. Rxf8+ Nxf8 15. Rd1 e5 {[%emt 0:12:30] [#]} 16. c5 $1 exd4 17. cxd6 dxc3 18. exd5 cxd5 $16 (18... cxb2 $14 19. dxc6+ (19. Qxb2 cxd5 20. Qc1 Be6 $11) 19... Be6 20. Qxb2 (20. Qxb7 Bd5 $11) 20... bxc6) 19. Nxc3 Bg4 20. Nxd5 Kh8 21. Ne7 Be6 22. Qxb7 Rd8 23. Qe4 Qc5+ 24. Kh1 Qxd6 25. Rf1 g6 26. Rxf8+ Rxf8 27. Nxg6+ Kg7 28. Nxf8 Kxf8 29. Qa8+ Kg7 30. Qxa7+ Bf7 31. Bf1 Qf6 32. Bc4 1-0

[Event "World Junior U20 Open 2018"]
[Site "Gebze"]
[Date "2018.09.10"]
[Round "6.67"]
[White "Tasdogen, Dincer"]
[Black "Piyumantha, M Sasith Nipun"]
[Result "1-0"]
[ECO "B18"]
[WhiteElo "2329"]
[BlackElo "2139"]
[Annotator "NA"]
[PlyCount "87"]
[EventDate "2018.09.05"]
[EventType "swiss"]
[EventCountry "TUR"]
[SourceTitle "playchess.com"]
[Source "ChessBase"]
[SourceQuality "1"]
[TimeControl "40/5400+30:1800+30"]

1. e4 c6 2. d4 d5 3. Nc3 dxe4 4. Nxe4 Bf5 5. Ng3 Bg6 6. h4 h6 7. f4 e6 8. h5 Bh7 $1 9. Nf3 Nd7 {[%emt 0:00:00] LiveBook: 125 Partien} 10. Bd3 Bxd3 11. Qxd3 Ngf6 12. Bd2 Qc7 13. O-O-O c5 {[%emt 0:05:30] B18: Classical Caro-Kann: 4...Bf5 sidelines} 14. dxc5 Bxc5 15. Ne4 (15. Qe2 O-O 16. Ne5 Rac8 17. Kb1 Bd6 18. Bc3 Nb6 19. Bd4 Nbd5 20. Ne4 Nxe4 21. Qxe4 {0-1 (28) Mamedyarov,S (2760)-Topalov,V (2780) Nice 2008}) 15... O-O 16. Kb1 Nxe4 17. Qxe4 Nf6 18. Qe2 Rfd8 $146 ({Predecessor:} 18... Rac8 19. Ne5 Be7 {½-½ (30) Kadziolka,B (2359)-Kasparova,T (2205) Pardubice 2006}) 19. Ne5 Bd4 20. g4 Rac8 21. c3 Bxe5 22. fxe5 Nh7 23. Bf4 Rxd1+ 24. Rxd1 Rd8 $11 25. Rxd8+ Qxd8 26. Kc2 Qd5 27. b3 Ng5 28. c4 Qd4 29. Qe3 Qa1 30. a4 Qa2+ 31. Kc3 Qa1+ 32. Kb4 a6 33. Bxg5 hxg5 34. Kc5 Qa3+ 35. Kb6 Qe7 36. c5 Qd7 37. Qe4 Qd1 38. Kxb7 Qxb3+ 39. Kxa6 Qb8 40. Qb7 Qxe5 41. c6 Qd4 42. a5 Qd3+ 43. Ka7 Qd5 44. a6 1-0

[Event "World Junior U20 Open 2018"]
[Site "Gebze"]
[Date "2018.09.10"]
[Round "6.68"]
[White "Kwon, Sehyun"]
[Black "Taalaibekov, Tagir"]
[Result "1-0"]
[ECO "B07"]
[WhiteElo "2129"]
[BlackElo "2291"]
[Annotator "ChessBase"]
[PlyCount "69"]
[EventDate "2018.09.05"]
[EventType "swiss"]
[EventCountry "TUR"]
[SourceTitle "playchess.com"]
[Source "ChessBase"]
[SourceQuality "1"]
[TimeControl "40/5400+30:1800+30"]

1. e4 d6 2. d4 Nf6 3. Nc3 Nbd7 4. g4 h6 5. h3 e5 6. Be3 Be7 7. Bg2 c6 8. a4 b6 9. Nge2 Qc7 10. O-O O-O 11. Ng3 Rd8 12. f4 Ba6 13. Re1 Nh7 14. Nf5 Bf8 15. Qf3 g6 16. Ng3 Bg7 17. Rad1 exf4 18. Bxf4 Ng5 19. Qe3 Nf6 20. e5 dxe5 21. dxe5 Nd5 22. Nxd5 cxd5 23. e6 Qc4 24. Bxg5 hxg5 25. exf7+ Kh7 26. Bf1 Qxa4 27. b3 Qa3 28. Qxg5 Qc5+ 29. Kh1 Bb7 30. Qh4+ Bh6 31. Re7 Rf8 32. Rxb7 Qe3 33. Bg2 g5 34. Qxh6+ Kxh6 35. Nf5+ 1-0

[Event "World Junior U20 Open 2018"]
[Site "Gebze"]
[Date "2018.09.10"]
[Round "6.70"]
[White "Kilic, Efe Mert"]
[Black "Erdogan, Anil Berk"]
[Result "1-0"]
[ECO "C11"]
[WhiteElo "2269"]
[BlackElo "2083"]
[Annotator "NA"]
[PlyCount "67"]
[EventDate "2018.09.05"]
[EventType "swiss"]
[EventCountry "TUR"]
[SourceTitle "playchess.com"]
[Source "ChessBase"]
[SourceQuality "1"]
[TimeControl "40/5400+30:1800+30"]

1. e4 e6 2. d4 d5 3. Nd2 Nf6 4. e5 Nfd7 5. c3 c5 6. f4 Nc6 7. Ndf3 Qb6 8. a3 Be7 9. Ne2 f6 10. h4 a5 11. b3 a4 12. b4 c4 13. h5 Qc7 14. g4 b5 15. Bh3 Rf8 $16 16. Qc2 h6 17. Be3 fxe5 18. Nxe5 Bh4+ 19. Kd2 Ndxe5 20. fxe5 Ne7 21. Raf1 Rg8 22. Nf4 Bg5 23. Qh7 Bxf4 24. Rxf4 Bd7 25. Rhf1 O-O-O 26. Rf7 Be8 27. Rxg7 Bg6 28. hxg6 Rh8 29. Rxe7 Rxh7 30. Rxh7 Qc6 31. Rff7 Rg8 32. Rc7+ Qxc7 33. Rxc7+ Kxc7 34. Bxh6 1-0

[Event "World Junior U20 Open 2018"]
[Site "Gebze"]
[Date "2018.09.10"]
[Round "6.71"]
[White "Wong, Yinn Long"]
[Black "Gulden, Egemen"]
[Result "1/2-1/2"]
[ECO "B23"]
[WhiteElo "2261"]
[BlackElo "2068"]
[Annotator "NA"]
[PlyCount "56"]
[EventDate "2018.09.05"]
[EventType "swiss"]
[EventCountry "TUR"]
[SourceTitle "playchess.com"]
[Source "ChessBase"]
[SourceQuality "1"]
[TimeControl "40/5400+30:1800+30"]

1. e4 c5 2. Nc3 a6 3. f4 b5 4. g3 Bb7 5. Bg2 g6 6. Qe2 Bg7 7. Nf3 e6 8. e5 d5 9. exd6 Qxd6 10. a4 b4 11. Ne4 Qc7 12. Ne5 Ra7 13. d3 ({White should play} 13. O-O $14) 13... Nf6 14. O-O O-O 15. Nc4 $11 Nbd7 16. Be3 Raa8 17. Nxf6+ Bxf6 18. Bxb7 Qxb7 19. a5 Bg7 20. Qf2 Qd5 21. Rad1 Rfd8 22. b3 Bd4 23. Rde1 Rab8 24. g4 f6 25. Re2 Rf8 26. Rfe1 Bc3 27. Bd2 Bd4 28. Be3 Bc3 1/2-1/2

[Event "World Junior U20 Open 2018"]
[Site "Gebze"]
[Date "2018.09.10"]
[Round "6.72"]
[White "Zrikem, Nassim"]
[Black "Noboa, Kevin"]
[Result "0-1"]
[ECO "E14"]
[WhiteElo "2066"]
[BlackElo "2256"]
[Annotator "NA"]
[PlyCount "54"]
[EventDate "2018.09.05"]
[EventType "swiss"]
[EventCountry "TUR"]
[SourceTitle "playchess.com"]
[Source "ChessBase"]
[SourceQuality "1"]
[TimeControl "40/5400+30:1800+30"]

1. d4 Nf6 2. Nf3 e6 3. e3 b6 4. Bd3 Bb7 5. O-O c5 6. c4 Be7 7. Nc3 cxd4 8. exd4 d6 9. d5 e5 10. Nd2 O-O 11. f4 exf4 12. Nb3 Nbd7 13. Bxf4 Ne5 14. Nd4 g6 15. Nf3 Nfd7 16. Ne4 b5 17. b3 ({Better is} 17. Nxe5 $14 Nxe5 18. cxb5) 17... Re8 $11 18. Bxe5 dxe5 19. Nc3 Bb4 20. Ne4 f5 21. Neg5 e4 22. Ne6 Qb6+ 23. Kh1 exf3 24. Rxf3 Nf8 25. Bxf5 gxf5 26. Rg3+ Ng6 27. Nf4 Re1+ 0-1

[Event "World Junior U20 Open 2018"]
[Site "Gebze"]
[Date "2018.09.10"]
[Round "6.73"]
[White "Rodrigue-Lemieux, Shawn"]
[Black "Baylav, Can"]
[Result "1-0"]
[ECO "B53"]
[WhiteElo "2250"]
[BlackElo "2026"]
[Annotator "NA"]
[PlyCount "52"]
[EventDate "2018.09.05"]
[EventType "swiss"]
[EventCountry "TUR"]
[SourceTitle "playchess.com"]
[Source "ChessBase"]
[SourceQuality "1"]
[TimeControl "40/5400+30:1800+30"]

1. e4 c5 2. Nf3 d6 3. d4 cxd4 4. Qxd4 a6 5. c4 Nc6 6. Qe3 Nf6 {[%emt 0:00:30] B53: Sicilian: 2...d6: Lines with Qxd4} (6... Bg4 7. Nd4 g6 8. Nc3 Bg7 9. Nxc6 bxc6 10. h3 Be6 11. Be2 Nf6 12. O-O O-O 13. f4 Qa5 14. Bd2 {1-0 (50) Karjakin,S (2763)-Nepomniachtchi,I (2751) Moscow 2018}) 7. h3 g6 8. Be2 Bg7 9. Nc3 O-O 10. O-O Nd7 11. b3 Nc5 12. Bb2 Qa5 13. Qc1 $146 ({Predecessor:} 13. Nd1 Bxb2 14. Nxb2 {1-0 (74) Franco Aquilar,O (2169)-Rodriguez Hernandez,L (2223) Santa Clara 2015}) 13... f5 14. exf5 Bxf5 15. Nd5 Nd3 16. Bxd3 Bxd3 17. Bxg7 Kxg7 18. b4 Nxb4 19. Qc3+ e5 20. Rfe1 Kg8 21. a3 Bxc4 22. Ne7+ $18 ({Less strong is} 22. Nxb4 Rac8 $18) 22... Kf7 23. Qxc4+ Kxe7 24. axb4 Qb5 25. Qh4+ Ke8 26. Ra5 Rh8 1-0

[Event "World Junior U20 Open 2018"]
[Site "Gebze"]
[Date "2018.09.10"]
[Round "6.74"]
[White "Eren, Ataberk"]
[Black "Akin, Kadir"]
[Result "1/2-1/2"]
[ECO "D35"]
[WhiteElo "2180"]
[BlackElo "1974"]
[Annotator "NA"]
[PlyCount "128"]
[EventDate "2018.09.05"]
[EventType "swiss"]
[EventCountry "TUR"]
[SourceTitle "playchess.com"]
[Source "ChessBase"]
[SourceQuality "1"]
[TimeControl "40/5400+30:1800+30"]

1. d4 Nf6 2. c4 e6 3. Nf3 d5 4. Nc3 Nbd7 5. Bg5 c6 6. cxd5 exd5 7. e3 Be7 8. Bd3 h6 9. Bh4 Ne4 10. Bxe7 Qxe7 11. Qc2 Ndf6 12. O-O O-O 13. Rab1 {[%emt 0:00:30] D35: Damengambit (Abtauschvariante)} (13. Ne5 Nxc3 14. Qxc3 Ng4 15. Nxg4 Bxg4 16. h3 Be6 17. b4 a5 18. b5 cxb5 19. Bxb5 Rfc8 20. Qb3 Rc7 {0-1 (47) Kozlov,O (2306)-Gertsyk,N (2316) Ekaterinburg 2010}) 13... Nxc3 14. Qxc3 Ne4 $146 ({Vorgänger:} 14... Ne8 15. b4 Nd6 16. b5 cxb5 17. Bxb5 Bf5 18. Bd3 Rac8 19. Qa3 Bxd3 20. Qxd3 Rc7 21. Rfc1 Rfc8 22. Rxc7 Qxc7 {0-1 (62) Borges,G-Tournies,M Merida 1997}) 15. Qc2 a5 16. Ne5 Nf6 17. a3 a4 18. Rbc1 Be6 19. Rfe1 Nd7 20. Nf3 Rfc8 21. Qb1 Qd6 22. h3 b6 23. Rc3 c5 24. Bb5 Ra5 25. Bf1 c4 26. Nd2 b5 27. e4 dxe4 28. Nxe4 Qxd4 29. Rd1 Qe5 30. Re3 Rc7 31. Qc1 Ra8 32. Nd6 Qc5 33. Rg3 Kh8 34. Qf4 Nf6 35. Nxb5 Rb7 36. Nd4 Rxb2 37. Nxe6 fxe6 38. Qd4 Qxd4 39. Rxd4 Rb1 40. Rc3 Rab8 41. Rdxc4 Ra1 42. Rc8+ Rxc8 43. Rxc8+ Kh7 44. g3 Rxa3 45. Ra8 Nd5 46. Kg2 Kg6 47. Ra6 Kf5 48. Be2 $1 Nf6 49. Bb5 Ke5 50. Bxa4 Nd5 51. Bb5 Rxa6 52. Bxa6 Kf6 53. Kf3 Nc3 54. Bc4 e5 55. Ke3 Na4 56. Kf3 Nc3 57. Bb3 Kf5 58. Bc2+ Ke6 $11 59. Kg4 Kf6 60. Kh5 Ne2 61. h4 Nd4 62. Be4 Ne6 63. Bd5 Nc5 64. Kg4 Nd3 1/2-1/2

[Event "World Junior U20 Open 2018"]
[Site "Gebze"]
[Date "2018.09.10"]
[Round "6.76"]
[White "Dedebas, Emre Emin"]
[Black "Helander, Benjamin"]
[Result "1/2-1/2"]
[ECO "A57"]
[WhiteElo "2334"]
[BlackElo "1994"]
[Annotator "NA"]
[PlyCount "57"]
[EventDate "2018.09.05"]
[EventType "swiss"]
[EventCountry "TUR"]
[SourceTitle "playchess.com"]
[Source "ChessBase"]
[SourceQuality "1"]
[TimeControl "40/5400+30:1800+30"]

1. d4 Nf6 2. c4 c5 3. d5 b5 4. cxb5 a6 5. b6 e6 6. Nc3 Qxb6 7. e4 d6 8. Bc4 Be7 9. dxe6 Bxe6 10. Bxe6 fxe6 11. Nf3 Nc6 12. O-O O-O 13. Ng5 Nd4 14. Be3 h6 $11 15. Bxd4 hxg5 16. Be3 Qxb2 17. Qd3 Ng4 18. Qc4 d5 19. exd5 Nxe3 20. fxe3 Qb4 21. Qd3 Bf6 22. Rac1 Bxc3 23. Qxc3 Rxf1+ 24. Kxf1 Rf8+ 25. Kg1 exd5 26. Qd3 d4 27. exd4 cxd4 28. Qc4+ Qxc4 29. Rxc4 1/2-1/2

[Event "World Junior U20 Open 2018"]
[Site "Gebze"]
[Date "2018.09.10"]
[Round "6.77"]
[White "Akdogan, Alperen"]
[Black "Beukema, Christiaan"]
[Result "1-0"]
[ECO "E01"]
[WhiteElo "2278"]
[BlackElo "1904"]
[Annotator "NA"]
[PlyCount "61"]
[EventDate "2018.09.05"]
[EventType "swiss"]
[EventCountry "TUR"]
[SourceTitle "playchess.com"]
[Source "ChessBase"]
[SourceQuality "1"]
[TimeControl "40/5400+30:1800+30"]

1. d4 d5 2. Nf3 Nf6 3. c4 e6 4. g3 Bb4+ 5. Bd2 {[%emt 0:02:00] E01: Catalan: Early deviations} Bd6 (5... Be7 6. Bg2 O-O 7. O-O Nbd7 8. Nc3 c6 9. Bf4 dxc4 10. e4 Re8 11. a4 b6 12. d5 exd5 13. exd5 Bb7 14. a5 bxa5 15. d6 Bf8 16. Nd2 Nd5 17. Nxd5 cxd5 18. Nxc4 dxc4 19. Bxb7 {½-½ (42) Nakamura,H (2777)-Karjakin,S (2773) Saint Louis 2018}) 6. Bg2 c6 7. Nc3 dxc4 8. e4 $146 ({Predecessor:} 8. Ne5 Bxe5 9. dxe5 Nd5 10. Ne4 O-O 11. Qc2 h6 12. Qxc4 b6 {½-½ (37) Flumbort,A (2446)-Orosz,A (2334) Hungary 2016}) 8... Be7 9. a4 Na6 10. O-O Nc7 11. a5 Nb5 12. Nxb5 cxb5 13. Qe2 a6 14. Rfd1 O-O 15. Bf4 Bb4 16. Ne5 Nd7 17. d5 Nxe5 18. Bxe5 exd5 19. Rxd5 Qe7 20. Rad1 Be6 21. Bd6 Bxd6 22. Rxd6 Rad8 23. e5 Bc8 24. Qd2 Rxd6 25. exd6 Qd7 26. Re1 $16 Rd8 27. Re7 Qf5 28. Bd5 Be6 29. d7 Kf8 30. Re8+ Rxe8 31. Qb4+ 1-0

[Event "World Junior U20 Open 2018"]
[Site "Gebze"]
[Date "2018.09.10"]
[Round "6.78"]
[White "Daghan, Devran"]
[Black "Karaoglan, Doruk"]
[Result "1-0"]
[ECO "B71"]
[WhiteElo "2004"]
[BlackElo "2196"]
[Annotator "NA"]
[PlyCount "75"]
[EventDate "2018.09.05"]
[EventType "swiss"]
[EventCountry "TUR"]
[SourceTitle "playchess.com"]
[Source "ChessBase"]
[SourceQuality "1"]
[TimeControl "40/5400+30:1800+30"]

1. e4 c5 2. Nf3 d6 3. d4 cxd4 4. Nxd4 Nf6 5. Nc3 g6 6. f4 Nc6 7. Bb5 Bd7 8. Bxc6 Bxc6 9. e5 dxe5 10. fxe5 Ne4 11. Nxe4 Bxe4 12. e6 ({Lieber} 12. O-O $15) 12... f5 13. c3 Qa5 14. Nxf5 $17 ({Better is} 14. Qe2 $15) 14... Rd8 15. Nd4 Bxg2 16. Rg1 Bg7 17. Rxg2 Bxd4 18. Rd2 Qe5+ 19. Qe2 Qxe2+ 20. Kxe2 Be5 21. Rxd8+ Kxd8 22. Bg5 Bd6 23. Rd1 Kc8 24. h3 Rf8 25. Rf1 Rxf1 26. Kxf1 Kc7 27. Ke2 Kc6 28. c4 h6 29. Bxh6 Be5 30. b3 Kd6 31. Kd3 Kxe6 32. Ke4 Bd6 33. Be3 b6 34. Bd2 Kd7 35. b4 Ke6 36. a4 Kd7 37. b5 Ke6 38. a5 1-0

[Event "World Junior U20 Open 2018"]
[Site "Gebze"]
[Date "2018.09.10"]
[Round "6.79"]
[White "Sezdbekov, Ruslan"]
[Black "Nurgaliyev, Sauat"]
[Result "1-0"]
[ECO "C43"]
[WhiteElo "2160"]
[BlackElo "1685"]
[Annotator "NA"]
[PlyCount "75"]
[EventDate "2018.09.05"]
[EventType "swiss"]
[EventCountry "TUR"]
[SourceTitle "playchess.com"]
[Source "ChessBase"]
[SourceQuality "1"]
[TimeControl "40/5400+30:1800+30"]

1. e4 e5 2. Nf3 Nf6 3. d4 exd4 4. e5 Ne4 {[%emt 0:00:30] LiveBook: 296 Games} 5. Qxd4 d5 6. exd6 Nxd6 7. Bg5 f6 8. Be3 {[%emt 0:01:30] C43: Petroff Defence: 3 d4} (8. Bf4 Nc6 9. Qa4 Bd7 {½-½ (9) Sveshnikov,E (2523)-Neiksans,A (2568) Riga 2014}) 8... Nc6 9. Qa4 g6 $146 ({Predecessor:} 9... Bd7 10. Nc3 Ne5 11. Qb3 Nxf3+ 12. gxf3 Bc6 13. Nd5 Qd7 14. O-O-O Qf7 15. c4 Bxd5 16. cxd5 {1-0 (46) Rudolf,A (2185)-Marosi,C (2141) Hungary 2004}) 10. Nc3 Bg7 11. Bc4 Bd7 12. Bb3 Ne5 13. Qd4 ({White should play} 13. Qf4 $16) 13... Bc6 $2 {[%emt 0:06:30] [#]} ({Black should try} 13... Nf5 $14 14. Qf4 Bh6) 14. Nxe5 (14. O-O-O $1 $18) 14... fxe5 15. Qg4 Nf5 16. h4 Bf6 17. h5 Bd7 18. Qc4 Nd6 19. Qe2 g5 20. O-O-O Bc6 21. Kb1 Qe7 22. Bd5 Bd7 $18 23. Bc5 O-O-O 24. Bxa7 Bf5 25. g4 Be6 26. Bc5 Qf7 27. Rh3 e4 28. Bxe6+ Qxe6 29. Nd5 Ne8 30. c4 Ng7 31. Ra3 b6 32. Bb4 Kb7 33. Nxf6 Rxd1+ 34. Qxd1 Qxf6 35. Qd5+ c6 36. Qd7+ Kb8 37. Ra7 Qf7 38. Bd6# 1-0

[Event "World Junior U20 Open 2018"]
[Site "Gebze"]
[Date "2018.09.10"]
[Round "6.80"]
[White "Ismayilov, Muhammad"]
[Black "Fleri, Matthew"]
[Result "1-0"]
[ECO "B53"]
[WhiteElo "2137"]
[BlackElo "1625"]
[Annotator "NA"]
[PlyCount "87"]
[EventDate "2018.09.05"]
[EventType "swiss"]
[EventCountry "TUR"]
[SourceTitle "playchess.com"]
[Source "ChessBase"]
[SourceQuality "1"]
[TimeControl "40/5400+30:1800+30"]

1. e4 c5 2. Nf3 d6 3. d4 cxd4 4. Qxd4 Nc6 5. Bb5 Bd7 6. Bxc6 Bxc6 7. Nc3 Nf6 8. Bg5 e6 9. O-O-O Be7 10. e5 {[%emt 0:02:30] LiveBook: 4 Games} dxe5 {[%emt 0:28:30] B53: Sicilian: 2...d6: Lines with Qxd4} 11. Qxe5 Qb8 12. Qxb8+ (12. Bf4 Qxe5 13. Bxe5 O-O 14. Nd4 Bxg2 15. Rhg1 Bc6 16. Nxc6 bxc6 17. Rd4 g6 18. Rc4 {0-1 (44) Trkulja,G (2379)-Parligras,M (2626) Sarajevo 2011}) 12... Rxb8 13. Ne5 Nd5 $146 ({Predecessor:} 13... Bxg2 14. Rhg1 Bh3 15. Be3 Bf5 16. Bxa7 Rc8 17. Rd2 O-O 18. f3 {0-1 (37) Panov,O (2183)-Khvorostyanov,A (2294) ICCF email 2011}) 14. Ne4 Rc8 15. Bxe7 Kxe7 16. Rhe1 Rhd8 17. Ng5 f6 18. Nxe6 fxe5 19. Nxd8 Rxd8 20. Rxe5+ Kf6 21. Re2 Rc8 22. Rd4 Kf7 $14 23. Kd2 Nf6 24. f3 Bb5 25. Re1 Bd7 26. c4 Be6 27. b3 Rc6 28. g4 Ra6 29. a4 Nd7 30. Kc3 Nc5 31. Re5 Ra5 32. Re2 Ra6 33. h3 Rc6 34. f4 g6 35. Re5 Kf6 36. Rd8 Nxa4+ 37. bxa4 Rxc4+ 38. Kd3 Rxf4 39. Re4 Rf3+ 40. Ke2 Ra3 41. Rd6 Ra2+ 42. Kd3 Ra3+ 43. Kc2 Ra2+ 44. Kb1 1-0